 Dungeon Crawl Stone Soup version 0.29.1-2-gbd0b4ee654 (webtiles) character file.

Game seed: 8460457485910365535

37189 jamesblauser the Severer (level 13, -14/124 HPs)
             Began as a Minotaur Berserker on Nov 9, 2022.
             Was an Elder of Trog.
             Demolished by a tyrant leech (28 damage)
             ... on level 3 of the Lair of Beasts.
             The game lasted 01:07:55 (12844 turns).

jamesblauser the Severer (Minotaur Berserker)      Turns: 12844, Time: 01:07:55

Health: -14/124    AC: 13    Str: 26    XL:     13   Next: 57%
Magic:  12/12      EV: 16    Int:  7    God:    Trog [****..]
Gold:   921        SH:  5    Dex: 12    Spells: 12/12 levels left

rFire   . . .      SeeInvis .   q - +2 war axe (vamp)
rCold   + . .      Faith    .   u - +0 buckler
rNeg    . . .      Spirit   .   r - +0 steam dragon scales
rPois   .          Reflect  .   (helmet unavailable)
rElec   .          Harm     .   (no cloak)
rCorr   .          Rampage  .   i - +0 pair of gloves
Will    ++...                   d - +0 pair of boots
Stlth   +++.......              c - amulet of regeneration
HPRegen 2.10/turn               e - ring of protection from cold
MPRegen 0.13/turn               p - +4 ring of protection

@: strong-willed, regenerating
A: horns 3, retaliatory headbutt, talons 1, clever 1, strong 1, no potion heal 1
a: Renounce Religion, Berserk, Trog's Hand, Brothers in Arms


You were on level 3 of the Lair of Beasts.
You worshipped Trog.
Trog was greatly pleased with you.
You visited 4 branches of the dungeon, and saw 21 of its levels.
You also visited: Ossuary.

You collected 921 gold pieces.

Inventory:

Hand Weapons
 k - a +3 war axe of flaming
 q - a +2 vampiric war axe (weapon)
Armour
 d - a +0 pair of boots (worn)
 g - the +1 robe "Erpham" {rPois Str+4, "Erpham" {rPois Str+4}}
   (You found it on level 2 of the Dungeon)

   Str:       It affects your strength (+4).
   rPois:     It protects you from poison.
 i - a +0 pair of gloves (worn)
 l - a +5 chain mail {the +1 robe "Erphan" {rPois Str+4}}
 r - +0 steam dragon scales (worn)
 u - a +0 buckler (worn)
Jewellery
 c - an amulet of regeneration (around neck)
 e - a ring of protection from cold (left hand)
 f - a +6 ring of intelligence
 p - a +4 ring of protection (right hand)
 w - a ring of ice
 B - an amulet of magic regeneration
Wands
 j - a wand of digging (7) (quivered)
 n - a wand of flame (2)
 t - a wand of paralysis (12)
Scrolls
 b - 6 scrolls of teleportation
 o - 2 scrolls of butterflies
 v - a scroll of blinking
 x - a scroll of magic mapping
 y - 6 scrolls of identify
Potions
 h - 3 potions of heal wounds
 m - 2 potions of curing
 s - 2 potions of might
 C - a potion of flight


   Skills:
 + Level 14.0 Fighting
 + Level 18.2 Axes
 + Level 6.6 Armour
 + Level 11.6 Dodging
 + Level 6.1 Stealth
 + Level 4.7 Shields
 + Level 1.4 Evocations


You had 12 spell levels left.
You didn't know any spells.
Your spell library was empty.

Dungeon Overview and Level Annotations

Branches:
Dungeon (13/15)            Temple (0/1) D:7            Lair (5/5) D:11
  Swamp (0/4) Lair:3        Slime (1/5) Lair:4          Orc (2/2) D:9
Ossuary (visited)
  Snake: Lair:2-3    Spider: Lair:2-3       Elf: Orc:2       Vaults: D:13-14

Altars:
Dithmenos
Fedhas
Makhleb
Okawaru
Qazlal
Sif Muna
Trog
Uskayaw
Wu Jian
Xom
Yredelemnul

Portals:
Bailey: D:10

Annotations:
D:8 2 transporters, ERAB's ghost, novice TeFi
Lair:4 exclusion: 2 oklob plants
Lair:5 exclusion: 2 oklob plants


Innate Abilities, Weirdness & Mutations

You have a pair of large horns on your head.
You reflexively headbutt those who attack you in melee.
You have sharp toenails.
Your mind is acute. (Int +4, Str/Dex -1)
Your muscles are strong. (Str +4, Int/Dex -1)
Potions are less effective at restoring your health.


Message History

The tyrant leech draws strength from your injuries!
Okay, then.
Unknown command.
Your skin crawls.
You feel strong-willed. The swamp worm bites you!
* * * LOW HITPOINT WARNING * * *
The tyrant leech bites you!
* * * LOW HITPOINT WARNING * * *
The tyrant leech draws strength from your injuries!
The tyrant leech bites you.
* * * LOW HITPOINT WARNING * * *
The tyrant leech draws strength from your injuries!
The tyrant leech bites you but does no damage.
The swamp worm fires a harpoon shot at you.
The harpoon shot hits you!
* * * LOW HITPOINT WARNING * * *
You are yanked forward by the harpoon shot.
The tyrant leech closely misses you. You furiously retaliate!
You headbutt the tyrant leech, but do no damage.
The tyrant leech misses you. You furiously retaliate!
You headbutt the tyrant leech!
The swamp worm attacks as you move away!
The swamp worm bites you!
* * * LOW HITPOINT WARNING * * *
The swamp worm fires a harpoon shot at you.
The harpoon shot misses you.
You recover from your berserk rage.
The swamp worm fires a harpoon shot at you.
The harpoon shot hits you!
* * * LOW HITPOINT WARNING * * *
You are yanked forward by the harpoon shot.
The swamp worm attacks as you move away!
You block the swamp worm's attack. The tyrant leech bites you!
* * * LOW HITPOINT WARNING * * *
The tyrant leech draws strength from your injuries!
The swamp worm fires a harpoon shot at you.
The harpoon shot misses you. The tyrant leech barely misses you.
The tyrant leech bites you!!
You die...

....# #..#.##...##
#P.....##.....+....# #...
........#.....P....# ....
#.....#..........## #...
#.....#....#P...# #..
#....##.P..#....##
♣..####.<..##'#+#...††.# ≈
♣..................†.##
~~§≈♣.........ww@........##
~§§~...........ww.........#
§≈§§♣#.#.###(...####P######
♣ ##### ##.### ### ###


You could see 3 tyrant leeches and a swamp worm.

Vanquished Creatures
  Josephine (D:11)
  2 catoblepae (Lair:5)
  2 hydras
  A two-headed ogre (D:11)
  2 lindwurms (Lair:5)
  A manticore (Lair:5)
  24 elephants
  8 cane toads
  5 black mambas
  2 torpor snails (Lair:5)
  Maggie (D:6)
  2 komodo dragons
  An unseen horror (D:11)
  A kobold demonologist (D:10)
  2 rime drakes
  2 polar bears
  3 slime creatures (Lair:4)
  5 dream sheep (Lair:5)
  A shadow (D:9)
  3 wraiths (D:11)
  4 wyverns
  15 yaks
  A vampire (D:11)
  3 basilisks
  4 steam dragons
  A warg (Orc:1)
  An acid dragon (D:8)
  9 water moccasins
  Duvessa (D:6)
  An ice beast (D:7)
  2 black bears
  A sky beast (D:7)
  9 orc warriors
  2 ogres
  8 wolves
  A centaur (D:7)
  2 kobold brigands
  2 phantoms
  7 bullfrogs
  A gnoll sergeant (D:10)
  A necrophage (D:7)
  4 scorpions
  Dowan (D:6)
  5 killer bees (D:8)
  An electric eel (D:9)
  9 orc priests
  2 hounds
  A gnoll bouda (D:6)
  3 iron imps (D:8)
  2 iguanas
  12 orc wizards
  2 mummies
  5 gnolls (D:10)
  7 adders
  2 shadow imps
  4 white imps
  An ufetubus (D:6)
  A worm (D:2)
  A dart slug (D:2)
  57 orcs
  3 spectral bats (Ossuary)
  5 endoplasms
  2 giant cockroaches (D:3)
  8 goblins
  6 hobgoblins
  4 jackals (D:2)
  17 kobolds
  3 quokkas
  7 ball pythons
  6 bats
  8 bat simulacra (Ossuary)
  10 frilled lizards
  12 gnoll zombies (Ossuary)
  A goblin simulacrum (Ossuary)
  A goblin zombie (Ossuary)
  6 hobgoblin zombies (Ossuary)
  6 kobold simulacra (Ossuary)
  4 kobold zombies
  9 orc zombies
  4 rats
  2 rat simulacra (Ossuary)
  4 spectral goblins (Ossuary)
  4 spectral kobolds (Ossuary)
  A spectral orc (D:5)
  A spectral rat (Ossuary)
399 creatures vanquished.

Vanquished Creatures (collateral kills)
  A hydra (Lair:5)
  A two-headed ogre (D:8)
  2 manticores
  8 elephants
  2 cane toads (Lair:5)
  A rime drake (Lair:5)
  A dream sheep (Lair:5)
  A basilisk (Lair:5)
  Menkaure (D:6)
  A bullfrog (Lair:4)
  An orc wizard (D:9)
  An ufetubus (D:6)
  An orc (D:9)
22 creatures vanquished.

Vanquished Creatures (others)
  15 fungi
  21 plants
  3 withered plants (D:1)
39 creatures vanquished.

Grand Total: 460 creatures vanquished

Notes
Turn   | Place    | Note
-------+----------+-------------------------------------------
     0 | D:1      | jamesblauser the Minotaur Berserker began the quest for the
                  | Orb.
     0 | D:1      | Reached XP level 1. HP: 19/19 MP: 0/0
     3 | D:1      | Noticed an electric eel
     4 | D:1      | Noticed an electric eel
   490 | D:1      | Reached XP level 2. HP: 24/27 MP: 1/1
   634 | D:1      | Reached skill level 4 in Axes
   695 | D:1      | Found a faded altar of an unknown god.
  1040 | D:2      | Reached XP level 3. HP: 34/34 MP: 2/2
  1122 | D:2      | Gained mutation: You have hidden genetic potential. [potion
                  | of mutation]
  1122 | D:2      | Gained mutation: Potions are less effective at restoring
                  | your health. [potion of mutation]
  1122 | D:2      | Gained mutation: Your mind is acute. (Int +4, Str/Dex -1)
                  | [potion of mutation]
  1122 | D:2      | Gained mutation: You have sharp toenails. [potion of
                  | mutation]
  1450 | D:2      | Identified the +1 robe "Erpham" {rPois Str+4}
  2007 | D:3      | Reached ** piety under Trog
  2047 | D:3      | Reached XP level 4. HP: 41/41 MP: 3/3
  2051 | D:3      | Reached skill level 5 in Fighting
  2425 | D:3      | Reached skill level 5 in Axes
  2505 | D:3      | Found an ornate altar of the Wu Jian Council.
  2648 | D:3      | Found a bloodstained altar of Trog.
  2737 | D:3      | Reached XP level 5. HP: 48/48 MP: 4/4
  3025 | D:4      | Noticed an ogre
  3031 | D:4      | Killed an ogre
  3038 | D:4      | Gained mutation: You have a pair of large horns on your
                  | head. [hidden potential]
  3123 | D:4      | Reached XP level 6. HP: 54/56 MP: 5/5
  3149 | D:4      | Reached skill level 6 in Axes
  3320 | D:4      | Found an iron altar of Okawaru.
  3375 | D:4      | Found a shadowy altar of Dithmenos.
  3395 | D:4      | Found a hide-covered altar of Uskayaw.
  3454 | D:4      | Identified the +0 robe of Cynicism {rElec rF- Will+ rCorr
                  | Slay+2}
  3465 | D:4      | Found a blossoming altar of Fedhas.
  3607 | D:4      | Gained mutation: Your muscles are strong. (Str +4, Int/Dex
                  | -1) [hidden potential]
  3607 | D:4      | Lost mutation: You have hidden genetic potential. [hidden
                  | potential expressed]
  3631 | D:5      | Entered Level 5 of the Dungeon
  3783 | D:5      | Reached skill level 1 in Stealth
  3870 | D:5      | Reached XP level 7. HP: 61/61 MP: 6/6
  4002 | D:5      | Found a sand-covered staircase.
  4009 | Ossuary  | Entered an ossuary
  4023 | Ossuary  | Reached *** piety under Trog
  4191 | Ossuary  | Reached **** piety under Trog
  4213 | Ossuary  | Reached skill level 7 in Axes
  4424 | D:5      | Found a basalt altar of Yredelemnul.
  4664 | D:6      | Noticed Menkaure
  4672 | D:6      | Reached skill level 8 in Axes
  4687 | D:6      | Killed Menkaure
  4756 | D:6      | Reached XP level 8. HP: 70/70 MP: 7/7
  4793 | D:6      | Noticed Duvessa
  4793 | D:6      | Noticed Dowan
  4810 | D:6      | Killed Duvessa
  4811 | D:6      | Reached skill level 9 in Axes
  4837 | D:6      | Killed Dowan
  4936 | D:6      | Reached skill level 5 in Armour
  5441 | D:6      | Noticed Maggie
  5449 | D:6      | Killed Maggie
  5450 | D:6      | Reached skill level 10 in Axes
  5991 | D:7      | Reached XP level 9. HP: 54/79 MP: 8/8
  6124 | D:7      | Reached skill level 11 in Axes
  6375 | D:7      | Found a staircase to the Ecumenical Temple.
  6555 | D:8      | Noticed a two-headed ogre
  6564 | D:8      | Killed a two-headed ogre
  6565 | D:8      | Reached skill level 12 in Axes
  6565 | D:8      | Reached skill level 5 in Dodging
  6664 | D:8      | Found a burning altar of Makhleb.
  6780 | D:8      | Reached XP level 10. HP: 87/90 MP: 9/9
  6891 | D:8      | Noticed ERAB's ghost (novice TeFi)
  6891 | D:8      | Noticed a moth of wrath
  6905 | D:8      | Found a transporter.
  6938 | D:8      | Found a transporter.
  7028 | D:8      | Reached skill level 13 in Axes
  7321 | D:9      | Found a shimmering blue altar of Sif Muna.
  7345 | D:9      | Found a stormy altar of Qazlal.
  7464 | D:9      | Found a staircase to the Orcish Mines.
  7473 | Orc:1    | Entered Level 1 of the Orcish Mines
  7514 | Orc:2    | Entered Level 2 of the Orcish Mines
  7801 | Orc:2    | Noticed an orc sorcerer
  7865 | D:10     | Entered Level 10 of the Dungeon
  8118 | D:10     | Found a flagged portal.
  8153 | D:10     | Reached skill level 14 in Axes
  8290 | D:10     | Noticed a sun demon
  8301 | D:10     | You fall into a shaft and drop 3 floors!
  8307 | D:13     | Noticed a cyan ugly thing
  8353 | D:12     | Identified the +1 chain mail of the Thunderstorm {Will++
                  | rCorr Stlth-}
  8471 | D:11     | Noticed Josephine
  8494 | D:11     | Killed Josephine
  8637 | D:11     | Noticed a manticore
  8646 | D:11     | Killed a manticore
  8647 | D:11     | Reached XP level 11. HP: 97/97 MP: 10/10
  8843 | D:11     | Found a staircase to the Lair.
  8850 | D:11     | Noticed a two-headed ogre
  8872 | D:11     | Killed a two-headed ogre
  8873 | D:11     | Reached skill level 10 in Fighting
  8873 | D:11     | Reached skill level 15 in Axes
  8885 | Lair:1   | Entered Level 1 of the Lair of Beasts
  9541 | Lair:2   | Found a shimmering altar of Xom.
  9586 | Lair:2   | You fall into a shaft and drop 2 floors!
  9714 | Lair:4   | Reached skill level 1 in Shields
  9722 | Lair:4   | Reached skill level 16 in Axes
  9803 | Lair:4   | Reached XP level 12. HP: 63/110 MP: 11/11
 10005 | Lair:4   | Found a staircase to the Slime Pits.
 10226 | Lair:4   | Noticed a seven-headed hydra
 10235 | Lair:4   | Killed a six-headed hydra
 10788 | Slime:1  | Entered Level 1 of the Pits of Slime
 10790 | Slime:1  | Noticed an acid blob
 10791 | Slime:1  | Noticed an acid blob
 10830 | Lair:5   | Entered Level 5 of the Lair of Beasts
 10831 | Lair:5   | Noticed a six-headed hydra
 10842 | Lair:5   | Killed a four-headed hydra
 10843 | Lair:5   | Reached skill level 10 in Dodging
 10843 | Lair:5   | Reached skill level 1 in Evocations
 10846 | Lair:5   | Reached skill level 17 in Axes
 10854 | Lair:5   | Reached skill level 5 in Stealth
 10934 | Lair:5   | Noticed a catoblepas
 10950 | Lair:5   | Killed a catoblepas
 11163 | Lair:5   | Reached XP level 13. HP: 94/122 MP: 12/12
 11529 | Lair:5   | Reached skill level 18 in Axes
 12817 | Lair:3   | Found a staircase to the Swamp.
 12832 | Lair:3   | HP: 4/124 [swamp worm (13)]
 12844 | Lair:3   | Demolished by a tyrant leech

Illustrated notes

Levels and vault maps discovered:
D:1:      arrival_aquarium_b, layout_basic, ebering_ecumenical_altar_petrified,
          serial_forest, infiniplex_forest_zigzag_1,
          infiniplex_forest_lined_room_, infiniplex_forest_straight_1,
          infiniplex_forest_lined_1, infiniplex_forest_lined_4_way,
          minmay_misc_feat_more_columns, minmay_lizard_pond
D:2:      layout_basic
D:3:      layout_basic, nicolae_overflow_hidden_temple, trog_book,
          nicolae_figureground_pulse
D:4:      layout_rooms, kennysheep_okawaru_gauntlet, nicolae_uskayaw_dance_hall,
          mainiacjoe_overflow_catwalk_spiral
D:5:      layout_basic, yredelemnul_forgotten_temple_becter,
          nicolae_ossuary_entry_giza, nrook_mini_backslash
D:6:      layout_layer_cave, minmay_fractal_squares_diagonal_5, uniq_menkaure,
          uniq_duvessa, uniq_maggie
D:7:      layout_loops_cross, minmay_temple_entry_drinking_statues
D:8:      layout_rooms, demons_altar, gammafunk_ghost_berserking_beasts
D:9:      layout_rooms, mainiacjoe_overflow_catch_the_wave
D:10:     layout_loops_cross, enter_bailey_3
D:11:     layout_loops_corners, david_lair_shrubbed, uniq_josephine, uniq_psyche
D:12:     layout_cave_pools, serial_shops, kennysheep_mini_moat, uniq_erolcha
D:13:     minmay_sliced_demisemicircle, layout_loops_corners, david_vaults_1,
          st_stairs_8, uniq_lodul, uniq_snorg, uniq_rupert
Lair:1:   layout_hall_layers
Lair:2:   layout_misc_corridors, basic_altar, chequers_serial_rivers_micro_c,
          lemuel_fruit_fields
Lair:3:   layout_regular_city, minmay_swamp_entry_worms,
          minmay_snake_entry_six_corridors, uniq_urug
Lair:4:   layout_layer_cave, slime_entry_1, dpeg_oklob_1, grunt_megastairs_1
Lair:5:   hangedman_lair_in_review, layout_regular_city
Slime:1:  layout_caves
Orc:1:    layout_diamond_mine
Orc:2:    grunt_orc_tribal_feast, layout_caves

Skill      XL: |  1  2  3  4  5  6  7  8  9 10 11 12 13 |
---------------+----------------------------------------+-----
Fighting       | 4 5 6 7 8 9 11 13 14 | 14.0
Axes           | 4 5 6 8 10 12 14 16 17 18 | 18.2
Armour         | 3 4 6 |  6.6
Dodging        | 3 4 5 7 9 10 11 | 11.6
Stealth        | 1 2 3 4 5 6 |  6.1
Shields        | 1 3 4 |  4.7
Evocations     | 1 |  1.4

Action                   |  1- 3 |  4- 6 |  7- 9 | 10-12 | 13-15 || total
-------------------------+-------+-------+-------+-------+-------++-------
Melee: Hand axe          |    69 |    29 |       |       |       ||    98
       Headbutt          |     7 |    15 |    33 |    53 |    29 ||   137
       Kick              |     5 |    14 |       |       |       ||    19
       War axe           |       |    45 |   239 |   299 |   119 ||   702
       Punch             |       |       |     5 |       |       ||     5
Invok: Berserk           |     3 |     3 |     8 |    10 |     2 ||    26
       Trog's Hand       |       |       |     2 |     1 |     1 ||     4
       Brothers in Arms  |       |       |     2 |     6 |     2 ||    10
Evoke: Wand              |       |       |     2 |     3 |       ||     5
  Use: Scroll            |     4 |     6 |     5 |     8 |     2 ||    25
       Potion            |     4 |     1 |     4 |     7 |     2 ||    18
 Stab: Sleeping          |       |       |     1 |     1 |       ||     2
       Distracted        |       |       |       |     1 |     3 ||     4
       Petrified         |       |       |       |       |     1 ||     1
Armor: Leather armour    |    18 |       |       |       |       ||    18
       Animal skin       |     2 |       |       |       |       ||     2
       Robe              |    11 |     7 |       |       |       ||    18
       Chain mail        |       |    29 |   106 |       |       ||   135
       Steam dragon scal |       |       |    29 |   133 |    61 ||   223
Dodge: Dodged            |    60 |    32 |   136 |   227 |    86 ||   541
Block: Buckler           |       |       |       |    28 |    19 ||    47
